 Dungeon Crawl Stone Soup version 0.31-a0-234-gad7ace16ef (webtiles) character file.

Game seed: 14970759591045249816

744 Esmoo the Ruffian (level 7, -3/60 HPs)
             Began as a Ghoul Monk on July 10, 2023.
             Slain by an orc
             ... wielding a +0 hand axe
              (6 damage)
             ... on level 5 of the Dungeon.
             The game lasted 00:26:32 (4528 turns).

Esmoo the Ruffian (Ghoul Monk)                      Turns: 4528, Time: 00:26:33

Health: -3/60      AC: 12    Str: 17    XL:     7   Next: 76%
Magic:  6/6        EV:  8    Int:  5    God:
Gold:   234        SH:  0    Dex: 11    Spells: 6/6 levels left

rFire   . . .        t - +0 mace (venom)
rCold   + . .        c - orb {light}
rNeg    + + +        j - +0 chain mail
rPois   ∞            (no helmet)
rElec   .            (no cloak)
rCorr   .            u - +2 pair of gloves
SInv    .            (no boots)
Will    .....        (no amulet) Stlth
                     (no ring)
HPRegen 0.00/turn    (no ring)
MPRegen 0.10/turn

%: no passive effects
@: inhibited regen, glowing
A: claws 1, cold resistance 1, negative energy resistance 3, inhibited
regeneration, torment resistance 2, devour on kill
a: no special abilities


You were on level 5 of the Dungeon.
You visited 2 branches of the dungeon, and saw 6 of its levels.

You collected 234 gold pieces.

Inventory:

Hand Weapons
 f - a +0 spear
 n - a +0 short sword
 o - a +0 dagger
 p - a +0 mace
 s - a +0 trident
 t - a +0 mace of venom (weapon)
 x - a +1 falchion of electrocution
Missiles
 l - 13 poisoned darts
 m - 32 stones
Armour
 a - a +0 robe
 c - an orb of light (worn)
 e - a +3 leather armour of cold resistance
 j - a +0 chain mail (worn)
 k - a +0 pair of gloves
 u - a +2 pair of gloves (worn)
Wands
 w - a wand of mindburst (13)
 z - a wand of light (12)
 A - a wand of digging (5)
Scrolls
 b - a scroll of identify
 h - a scroll of revelation {unknown}
 r - a scroll of noise {unknown}
 v - a scroll of fog {unknown}
 y - a scroll of immolation {unknown}
 C - a scroll of amnesia {unknown}
 D - a scroll of teleportation
 E - a scroll of blinking {unknown}
Potions
 d - a potion of brilliance
 g - a potion of attraction
 i - a potion of might
 q - 2 potions of mutation
 B - a potion of heal wounds {unknown}
 F - a potion of haste


   Skills:
 + Level 4.4 Fighting
 + Level 3.3 Maces & Flails
 + Level 3.4 Armour
 + Level 3.5 Dodging
 + Level 0.1 Stealth
 + Level 6.1 Unarmed Combat


You had 6 spell levels left.
You didn't know any spells.
Your spell library contained the following spells:

 Spells                   Type           Power      Damage    Failure   Level
 Freeze                   Ice            0%         1d3       99%         1
 Blink                    Tloc           0%         N/A       100%        2
 Frozen Ramparts          Ice            0%         1d1       100%        3
 Hailstorm                Conj/Ice       0%         3d3       100%        3
 Manifold Assault         Tloc           0%         N/A       100%        4
 Summon Hydra             Summ           0%         N/A       100%        7
 Sublimation of Blood     Necr           Unusable   N/A       N/A         2
 Wereblood                Tmut           Unusable   N/A       N/A         2
 Storm Form               Tmut/Air       Unusable   N/A       N/A         7

Dungeon Overview and Level Annotations

Branches:
Dungeon (5/15)             Temple (1/1) D:5

Altars:
Cheibriados
Makhleb
Nemelex Xobeh
Qazlal
Trog
Vehumet
Wu Jian
Yredelemnul


Innate Abilities, Weirdness & Mutations

You are immune to poison.
You have sharp fingernails.
Your flesh is cold resistant. (rC+)
You are immune to negative energy. (rN+++)
You do not regenerate when monsters are visible.
You are immune to unholy pain and torment.
You thrive by killing the living.


Message History

The orc is almost dead.
You kill the orc!
The jelly barely misses you. The orc hits you but does no damage.
The jelly barely misses you. The orc hits you but does no damage.
You hit the orc priest.
The orc priest is moderately wounded.
The orc priest hits you but does no damage.
The jelly hits you but does no damage. The orc hits you with a +0 club.
* * * LOW HITPOINT WARNING * * *
You barely miss the orc priest.
The orc priest is moderately wounded.
The orc priest hits you with a +0 flail.
* * * LOW HITPOINT WARNING * * *
The orc hits you with a +0 club.
* * * LOW HITPOINT WARNING * * *
The jelly barely misses you.
You hit the orc priest.
The orc priest is poisoned.
The orc priest is heavily wounded.
The orc priest closely misses you. The jelly barely misses you.
The orc barely misses you.
You hit the orc priest.
The orc priest looks as sick as possible!
The orc priest is almost dead.
You kill the orc priest!
You feel better. The orc barely misses you. The jelly closely misses you.
The orc barely misses you. The jelly closely misses you.
The orc closely misses you.
You hit the orc.
The orc is poisoned.
The orc is heavily wounded.
The orc hits you with a +0 club.
* * * LOW HITPOINT WARNING * * *
The orc hits you but does no damage. The jelly hits you.
* * * LOW HITPOINT WARNING * * *
You are splashed with acid!
* * * LOW HITPOINT WARNING * * *
There are monsters nearby!
You barely miss the orc.
The orc is heavily wounded.
The orc barely misses you. The orc hits you with a +0 hand axe.
You die...

........# ........# .##
........# ... ........#
?. ........# ..
........##### .#
..).........# .#
#######.....#####J######
......'.........@oo.....
#######.....#####o##.###
#.....# ## #.....#
#.....# #.....#
###############
..............#
#############.###


You could see a jelly and 3 orcs.

Vanquished Creatures
  Grinder (D:4)
  Eustachio (D:4)
  A phantom (D:5)
  Blork the orc (D:4)
  A scorpion (D:4)
  A crimson imp (D:3)
  A jelly (D:5)
  An orc priest (D:5)
  Jessica (D:3)
  2 adders (D:5)
  A dart slug (D:2)
  9 orcs
  6 ball pythons
  11 endoplasms
  4 giant cockroaches
  2 hobgoblins
  11 jackals
  4 bats
  4 frilled lizards
  7 goblins
  5 kobolds
  2 rats (D:1)
77 creatures vanquished.

Notes
Turn   | Place    | Note
-------+----------+-------------------------------------------
     0 | D:1      | Esmoo the Ghoul Monk began the quest for the Orb.
     0 | D:1      | Reached XP level 1. HP: 19/19 MP: 0/0
   568 | D:1      | Reached XP level 2. HP: 26/26 MP: 1/1
  1563 | D:2      | Reached XP level 3. HP: 33/33 MP: 2/2
  1640 | D:2      | Reached skill level 4 in Unarmed Combat
  2602 | D:3      | Reached XP level 4. HP: 13/40 MP: 3/3
  2709 | D:3      | Noticed Jessica
  2717 | D:3      | Killed Jessica
  3114 | D:3      | Found a radiant altar of Vehumet.
  3117 | D:3      | Found a burning altar of Makhleb.
  3131 | D:3      | Reached skill level 1 in Armour
  3131 | D:3      | Reached skill level 5 in Unarmed Combat
  3131 | D:3      | Reached XP level 5. HP: 46/46 MP: 4/4
  3615 | D:4      | Noticed Grinder
  3628 | D:4      | Paralysed by Grinder for 2 turns
  3631 | D:4      | Paralysed by Grinder for 2 turns
  3635 | D:4      | Killed Grinder
  3636 | D:4      | Reached skill level 1 in Maces & Flails
  3636 | D:4      | Reached XP level 6. HP: 24/52 MP: 5/5
  3658 | D:4      | Noticed Blork the orc
  3677 | D:4      | HP: 1/52 [Blork the orc/+0 halberd (6)]
  3678 | D:4      | Killed Blork the orc
  3679 | D:4      | Reached skill level 6 in Unarmed Combat
  3679 | D:4      | Reached XP level 7. HP: 1/59 MP: 6/6
  3912 | D:4      | Noticed Eustachio
  3936 | D:4      | Killed Eustachio
  3965 | D:5      | Entered Level 5 of the Dungeon
  4138 | D:5      | Found a staircase to the Ecumenical Temple.
  4152 | Temple   | Entered the Ecumenical Temple
  4318 | D:5      | Found a bloodstained altar of Trog.
  4527 | D:5      | HP: 3/60 [acid (10)]
  4528 | D:5      | Slain by an orc

Illustrated notes

Levels and vault maps discovered:
D:1:      minmay_arrival_four_circles, layout_basic, chequers_decorated_corner
D:2:      layout_loops_cross, kennysheep_cross_room
D:3:      cheibrodos_helix_gallery, layout_loops_ring,
          grunt_temple_overflow_lords_of_destruction, st_stairs_5,
          kennysheep_generic_room_4, uniq_jessica
D:4:      layout_gridville, chequers_serial_rivers_room_b, uniq_natasha,
          uniq_blork_the_orc, uniq_grinder, uniq_eustachio
D:5:      layout_basic, marbit_many_paths, mainiacjoe_overflow_alcove_2,
          temple_green
Temple:   nicolae_temple_two_arcs

Skill      XL: |  1  2  3  4  5  6  7 |
---------------+----------------------+-----
Dodging        | 3 |  3.5
Unarmed Combat | 4 5 6 |  6.1
Armour         | 1 2 3 |  3.4
Maces & Flails | 1 2 3 |  3.3
Fighting       | 4 |  4.4
Stealth        | |  0.1

Action                     |  1- 3 |  4- 6 |  7- 9 || total
---------------------------+-------+-------+-------++-------
  Melee: Unarmed           |   137 |       |       ||   137
         Mace              |       |    45 |    62 ||   107
    Use: Scroll            |     4 |       |     1 ||     5
         Potion            |     5 |       |     4 ||     9
 Armour: Robe              |    11 |       |       ||    11
         Chain mail        |    65 |    23 |    69 ||   157
  Dodge: Dodged            |    54 |    20 |    45 ||   119

Table legend: (Time is in decaauts)
 A = Elapsed time spent in this place.
 B = Non-inter-level travel time spent in this place.
 C = Inter-level travel time spent in this place.
 D = Time resting spent in this place.
 E = Time spent auto-exploring this place.
 F = Levels seen in this place.
 G = Mean time per level.
                   A        B        C        D        E       F      G
               +--------+--------+--------+--------+--------+-----+--------+
         Total |   4538 |   1611 |   2927 |      0 |    886 |   6 |  756.3 |
       Dungeon |   4380 |   1607 |   2773 |      0 |    886 |   5 |  876.0 |
        Temple |    158 |      4 |    154 |      0 |      0 |   1 |  158.0 |
               +--------+--------+--------+--------+--------+-----+--------+

Top non-repeatable levels by time:
     D:1: 1423 daAuts
     D:3: 1321 daAuts
     D:2: 868 daAuts
     D:5: 415 daAuts
     D:4: 352 daAuts
  Temple: 158 daAuts
